Map: Blackpink LE

Players

KillJoy - Winner!

  • Race: Zerg Zerg
  • League: Diamond
  • Spawn Location: 1:00

baiThooK

  • Race: Terran Terran
  • League: Diamond
  • Spawn Location: 7:00

VOD

Have the link to the VOD?

Description

Ling Bane Muta vs Bio into Ultra.

Time

  • Played on: Jan. 11, 2018, 4:35 a.m.
  • Length: 16:07
Show
View Real Time Build Order
Export as new Build Order

KillJoy Zerg - Winner!

Build Orders: Hatch First 

Get SALT Encoding   

  12  0:04  Drone  
  13  0:15  Overlord  
  13  0:19  Extractor  
  13  0:20  Drone  
  14  0:33  Drone x2  
  16  0:38  Drone  
  17  0:55  Drone  
  18  1:01  Hatchery, Drone  
  18  1:04  Extractor  
  17  1:17  Spawning Pool  
  16  1:25  Drone  
  17  1:27  Drone  
  18  1:36  Drone  
  19  1:46  Overlord  
  19  2:07  Metabolic Boost  
  19  2:11  Queen  
  19  2:15  Queen  
  23  2:18  Zergling x2  
  23  2:22  Drone  
  25  2:24  Drone  
  25  2:29  Drone  
  28  2:30  Drone  
  28  2:36  Spine Crawler  
  27  2:42  Extractor  
  25  2:46  Queen  
  28  2:51  Spine Crawler  
  29  2:59  Drone x3  
  29  3:00  Drone  
  29  3:01  Drone x2  
  35  3:22  Hatchery  
  34  3:35  Overlord  
  34  3:38  Overlord  
  34  3:41  Overlord  
  34  3:45  Queen  
  36  3:56  Queen  
  36  3:59  Drone  
  36  4:00  Drone x10  
  49  4:03  Extractor  
  49  4:05  Drone x3  
  49  4:09  Drone  
  52  4:23  Queen, Extractor  
  53  4:24  Overlord  
  53  4:29  Drone x3  
  56  4:38  Overlord  
  56  4:39  Overlord  
  56  4:41  Overlord  
  56  4:44  Pneumatized Carapace  
  56  4:53  Queen  
  56  4:55  Drone  
  56  4:56  Drone x6  
  65  5:02  Queen  
  67  5:16  Drone  
  67  5:17  Drone x7  
  67  5:20  Overlord  
  75  5:22  Overlord  
  75  5:36  Spore Crawler  
  73  5:43  Zergling x2  
  73  5:44  Zergling x2  
  73  5:45  Zergling x14  
  82  5:56  Overlord  
  82  6:03  Queen  
  75  6:13  Queen x2  
  79  6:25  Zergling x20  
  84  6:26  Zergling x10  
  84  6:29  Evolution Chamber  
  84  6:31  Evolution Chamber  
  92  6:35  Spine Crawler  
  92  6:39  Queen  
  93  6:43  Spine Crawler  
  92  6:56  Baneling Nest  
  92  6:58  Zerg Melee Weapons Level 1, Zerg Ground Armor Level 1  
  92  7:01  Zergling x8  
  92  7:02  Baneling Nest, Zergling x14  
  95  7:18  Drone x6  
  101  7:37  Lair  
  101  7:41  Overlord  
  101  7:42  Overlord x2  
  101  7:43  Drone x4  
  106  7:46  Extractor  
  106  7:47  Extractor  
  106  7:48  Extractor  
  98  8:00  Hatchery  
  96  8:20  Drone x3  
  96  8:23  Spore Crawler  
  96  8:24  Overlord  
  96  8:25  Overlord x2  
  98  8:43  Spire  
  98  8:46  Infestation Pit  
  98  8:47  Centrifical Hooks  
  96  8:50  Drone  
  97  9:06  Zergling x2  
  97  9:07  Zergling x28  
  97  9:08  Baneling  
  97  9:09  Baneling x8  
  112  9:10  Baneling x2  
  111  9:24  Zergling x4  
  111  9:25  Zergling x14  
  109  9:37  Zergling x2  
  109  9:38  Zergling x12  
  95  9:46  Zerg Ground Armor Level 2, Zerg Melee Weapons Level 2  
  95  9:50  Queen  
  92  10:04  Mutalisk x4  
  92  10:05  Mutalisk x7  
  114  10:22  Hive  
  114  10:25  Drone  
  114  10:26  Drone x8  
  114  10:28  Extractor  
  122  10:30  Extractor  
  122  10:31  Hatchery  
  122  10:33  Baneling  
  122  10:34  Baneling x5  
  120  10:38  Overseer  
  120  10:39  Mutalisk, Overlord  
  120  10:40  Mutalisk x5  
  132  10:59  Drone x4  
  132  11:00  Drone x2  
  132  11:01  Overlord  
  132  11:02  Overlord  
  138  11:06  Mutalisk x6  
  138  11:10  Overlord x3  
  150  11:15  Zergling x2  
  130  11:35  Zergling x2  
  130  11:36  Zergling x26  
  137  12:06  Adrenal Glands  
  137  12:08  Zerg Melee Weapons Level 3, Zerg Ground Armor Level 3  
  137  12:13  Ultralisk Cavern  
  136  12:16  Spine Crawler  
  136  12:18  Queen  
  136  12:19  Zergling x2  
  136  12:20  Zergling x28  
  136  12:21  Zergling x2  
  153  12:50  Mutalisk  
  153  12:51  Mutalisk x15  
  155  12:58  Overlord x5  
  185  12:59  Chitinous Plating  
  185  13:03  Spine Crawler  
  185  13:04  Spine Crawler  
  183  13:14  Baneling x2  
  183  13:15  Baneling x15  
  183  13:16  Zergling x2  
  183  13:17  Zergling x18  
  183  13:18  Zergling x6  
  196  13:21  Overseer  
  177  13:41  Zergling x20  
  169  13:42  Zergling x22  
  124  14:10  Ultralisk  
  124  14:11  Ultralisk x4  
  154  14:19  Drone x3  
  154  14:20  Drone x5  
  154  14:22  Extractor  
  154  14:23  Extractor  
  160  14:34  Mutalisk  
  160  14:35  Mutalisk x3  
  168  14:46  Baneling  
  168  14:47  Baneling x15  
  168  14:48  Baneling  
  168  14:53  Spine Crawler x2  
  166  15:01  Mutalisk x4  
  169  15:08  Drone x3  
  169  15:09  Drone x3  
  171  15:32  Mutalisk x5  
  171  15:33  Mutalisk  
  183  15:39  Spine Crawler  
  183  15:40  Spine Crawler  
Show
View Real Time Build Order
Export as new Build Order

baiThooK Terran 

Build Orders: Reaper Expand, Bio Mine 

Get SALT Encoding   

  12  0:01  SCV  
  13  0:13  SCV  
  14  0:17  Supply Depot  
  14  0:25  SCV  
  15  0:39  SCV  
  15  0:42  Barracks  
  16  0:46  Refinery  
  16  0:54  SCV  
  17  1:06  SCV  
  18  1:20  SCV  
  19  1:31  Reaper  
  20  1:33  Orbital Command  
  20  1:45  Command Center  
  20  2:00  SCV  
  21  2:02  Barracks  
  21  2:14  SCV, Supply Depot  
  22  2:18  Factory  
  22  2:25  Barracks Reactor  
  23  2:30  SCV  
  23  2:42  SCV  
  24  2:57  SCV  
  24  2:58  SCV  
  25  2:59  Refinery  
  25  3:03  Marine, Supply Depot  
  25  3:04  Marine, Barracks Tech Lab  
  27  3:13  Starport  
  27  3:15  SCV  
  28  3:21  Marine x2  
  28  3:25  Marine  
  28  3:27  Orbital Command  
  31  3:39  Marine x2  
  33  3:42  SCV  
  33  3:43  Marine, Stimpack  
  33  3:45  Factory Reactor  
  35  3:55  SCV  
  36  3:57  Marine x2, Supply Depot  
  36  3:58  Supply Depot  
  36  4:00  SCV  
  36  4:01  Marine  
  40  4:07  SCV  
  41  4:12  SCV  
  41  4:15  Marine x2  
  44  4:19  SCV, Marine  
  46  4:26  SCV  
  46  4:27  Medivac x2  
  46  4:31  SCV  
  52  4:32  Marine  
  52  4:37  Marine x2, Supply Depot  
  52  4:38  SCV, Supply Depot  
  56  4:43  SCV  
  57  4:50  SCV, Marine  
  59  4:55  SCV, Marine  
  61  5:02  SCV, Command Center  
  62  5:07  SCV, Supply Depot  
  63  5:14  SCV  
  63  5:16  Marine x3  
  63  5:18  Factory Reactor  
  63  5:19  SCV  
  63  5:20  Medivac  
  70  5:22  Medivac  
  70  5:26  SCV  
  73  5:31  SCV  
  74  5:38  SCV  
  75  5:43  SCV  
  75  5:47  Marine x3  
  75  5:48  Combat Shields  
  79  5:54  SCV  
  79  5:56  Barracks  
  80  5:57  Barracks  
  80  5:58  SCV, Refinery x2, Barracks  
  80  6:02  Widow Mine x2  
  85  6:04  Marine  
  80  6:14  Marine x2  
  82  6:20  SCV  
  82  6:23  Widow Mine  
  85  6:27  Command Center  
  85  6:28  SCV  
  85  6:32  SCV  
  87  6:36  Supply Depot x2  
  87  6:37  Supply Depot  
  87  6:38  Marine x2, Marauder  
  91  6:40  Supply Depot  
  91  6:41  Widow Mine  
  93  6:47  Barracks Reactor, Barracks Tech Lab  
  93  6:48  Barracks Tech Lab  
  93  6:49  SCV  
  93  6:52  Widow Mine  
  93  6:53  Medivac  
  98  6:56  Marine  
  98  7:00  SCV, Marauder  
  102  7:02  SCV  
  87  7:27  Orbital Command, SCV  
  88  7:31  Marine x4, Marauder x3  
  88  7:32  Widow Mine x2, Medivac  
  88  7:35  Concussive Shells  
  104  7:37  SCV  
  105  7:45  Orbital Command  
  105  7:46  SCV  
  105  7:49  Marine  
  100  8:10  SCV x2  
  100  8:11  SCV  
  103  8:15  Marine  
  103  8:16  Marine, Marauder  
  103  8:17  Marine x2, Marauder x2  
  103  8:18  Widow Mine x2, Medivac x2  
  121  8:22  SCV  
  121  8:26  SCV  
  123  8:28  Engineering Bay  
  123  8:31  SCV  
  123  8:33  Marine, Engineering Bay  
  125  8:34  Marine x2  
  125  8:37  Marine, Supply Depot  
  125  8:38  Marine, Marauder x2  
  133  8:43  Supply Depot  
  133  8:44  Supply Depot  
  133  8:50  SCV  
  133  8:51  SCV x2  
  133  8:53  Refinery  
  133  8:55  Refinery  
  136  8:58  Marine x2, Marauder  
  136  8:59  Widow Mine x2, Marauder  
  146  9:03  SCV x2  
  146  9:04  SCV  
  118  9:44  Marine x4, Marauder x3  
  112  10:02  Marine x2  
  112  10:05  Marauder x2  
  112  10:06  Widow Mine x2, Marauder, Medivac x2  
  115  10:09  Terran Infantry Armor Level 1, Terran Infantry Weapons Level 1  
  115  10:14  Barracks  
  115  10:15  Barracks  
  115  10:16  Factory  
  115  10:18  Armory  
  115  10:19  Marine  
  115  10:20  Marine x2  
  115  10:21  SCV x3  
  121  10:24  Supply Depot  
  121  10:26  Marauder  
  121  10:27  Marauder  
  125  10:32  Marine, Marauder  
  125  10:33  SCV x3, Widow Mine x2  
  135  10:36  Planetary Fortress, Medivac  
  135  10:37  Marine  
  138  10:45  SCV x2  
  138  10:46  SCV  
  138  10:48  Marauder x2  
  138  10:49  Marine x2  
  146  10:50  Marine  
  146  10:53  Marauder  
  150  10:57  SCV  
  150  10:58  SCV  
  150  11:00  SCV  
  153  11:09  Marauder x2  
  153  11:11  SCV x2  
  159  11:12  SCV  
  159  11:14  Marauder  
  156  11:30  Marine  
  156  11:31  Marine x5  
  146  11:34  Widow Mine x2, Medivac x2  
  146  11:35  Marine  
  143  11:44  SCV  
  127  11:48  SCV x2, Marine x4  
  127  11:49  Marauder x2  
  127  11:51  Factory Reactor  
  127  11:54  Marauder  
  135  11:55  Missile Turret x2  
  135  11:56  Widow Mine x2  
  135  11:57  Refinery  
  135  11:58  Missile Turret, Barracks Reactor x2, Refinery  
  135  12:00  Missile Turret x2  
  139  12:01  Missile Turret  
  139  12:03  Missile Turret  
  139  12:04  Medivac x2  
  139  12:06  Marine x3  
  139  12:08  SCV x2  
  148  12:10  Terran Infantry Weapons Level 2, Terran Infantry Armor Level 2  
  148  12:11  Marauder  
  150  12:25  Marine  
  150  12:27  Starport  
  150  12:28  Missile Turret  
  150  12:29  Supply Depot x2  
  151  12:32  Supply Depot  
  151  12:33  Widow Mine x2  
  151  12:34  Marine  
  151  12:35  Marine x9  
  165  12:40  Factory  
  165  12:42  Command Center  
  165  12:43  Marine  
  166  12:47  Medivac x2  
  170  12:52  Marine  
  170  12:53  Marine x9  
  170  12:57  Widow Mine x2  
  170  12:58  Widow Mine x2  
  188  12:59  SCV, Command Center  
  188  13:01  Marine  
  190  13:10  Marine  
  190  13:11  Marine x4, Marauder x2  
  198  13:19  Widow Mine  
  200  13:33  Marine x11  
  175  13:44  Widow Mine x4  
  175  13:46  Medivac x2  
  175  13:50  Marine  
  175  13:51  Marine x10  
  161  14:08  Marine  
  161  14:09  Marine x10  
  158  14:12  Widow Mine  
  158  14:13  Widow Mine x3  
  158  14:14  SCV  
  158  14:15  Factory Tech Lab  
  161  14:22  Planetary Fortress  
  161  14:23  SCV x2  
  163  14:26  Marine  
  163  14:27  Marine x10  
  174  14:34  Widow Mine x2  
  178  14:39  Widow Mine x2  
  178  14:40  Widow Mine, Drilling Claws  
  178  14:43  Starport Reactor  
  178  14:44  Marine x6  
  178  14:45  Marine x4  
  194  14:48  SCV  
  195  14:57  Liberator  
  195  15:13  Marauder  
  195  15:14  Marauder  
  195  15:16  Widow Mine  
  200  15:39  Marine x2  
  187  15:56  Missile Turret  
  189  15:57  Missile Turret  
  189  16:00  Starport  
Tags
 
Add a new tag
Caveats
  • Supply blocks, unpowered buildings, or Contaminate may cause inaccurate times.
  • Supply counts are checked every 10 seconds.